 Dungeon Crawl Stone Soup version 0.22-a0-776-ge6d7efa (webtiles) character file.

29 Mamutox the Ruffian (level 3, 0/37 HPs)
             Began as an Ogre Transmuter on July 18, 2018.
             Succumbed to an adder's poison
             ... on level 2 of the Dungeon.
             The game lasted 00:03:13 (732 turns).

Mamutox the Ruffian (Ogre Transmuter)                Turns: 732, Time: 00:03:14

Health: 0/37       AC:  3    Str: 14    XL:     3   Next: 16%
Magic:  5/6        EV: 10    Int: 14    God:
Gold:   90         SH:  0    Dex: 10    Spells: 5/6 levels left

rFire    . . .     SeeInvis .     - Unarmed
rCold    . . .     Gourm    .   (no shield)
rNeg     . . .     Faith    .   b - +0 robe
rPois    .         Spirit   .   (helmet restricted)
rElec    .         Reflect  .   (no cloak)
rCorr    .         Harm     .   (gloves unavailable)
MR       .....                  (boots unavailable)
Stlth    +.........             (no amulet)
HPRegen  0.12/turn              (no ring)
MPRegen  0.10/turn              (no ring)

@: lethally poisoned (0 -> -7), flying
A: large, unfitting armour, tough skin 1
a: no special abilities


You were on level 2 of the Dungeon.
You were not hungry.

You visited 1 branch of the dungeon, and saw 2 of its levels.

You collected 90 gold pieces.

Inventory:

Missiles
 a - 36 arrows
Armour
 b - a +0 robe (worn)
Scrolls
 e - a scroll of identify
 f - 2 scrolls of teleportation
Comestibles
 d - 3 rations


   Skills:
 + Level 3.0 Fighting
 - Level 1.7 Dodging
 + Level 3.3 Unarmed Combat
 - Level 2.4 Spellcasting
 - Level 1.7 Transmutations


You had 5 spell levels left.
You knew the following spells:

 Your Spells              Type           Power        Failure   Level  Hunger
a - Beastly Appendage     Tmut           #.....       11%         1    #......

Your spell library contained the following spells:

 Spells                   Type           Power        Failure   Level  Hunger
 Spider Form              Tmut/Pois      #.........   43%         3    ###....
 Blade Hands              Tmut           #.........   97%         5    ######.
 Ice Form                 Ice/Tmut       #.......     85%         4    #####..
 Sticks to Snakes         Tmut           #.......     17%         2    ###....


Dungeon Overview and Level Annotations

Branches:
Dungeon (2/15)

Altars:


Innate Abilities, Weirdness & Mutations

You are too large for most types of armour.
You have tough skin. (AC +1)


Message History

You have reached level 3!
Your experience leads to an increase in your attributes!
Increase (S)trength, (I)ntelligence, or (D)exterity?
You feel agile.
You feel stronger.
* * * LOW HITPOINT WARNING * * *
You feel sick.
There is a lethal amount of poison in your body!
It was a potion of flight.
You feel very buoyant.
You fly up into the air.
Your talons disappear.
* * * LOW HITPOINT WARNING * * *
You feel sick.
You aren't carrying any potions.
As you read the scroll labeled ROWOOF MABEID, it crumbles to dust.
It is a scroll of identify.
f - 2 scrolls of teleportation
* * * LOW HITPOINT WARNING * * *
You feel sick.
You die...

#.##.#####..##
#######.##.#####....
#..................#
.#.....##.#####....
#.######.# #.#.# #.#
#.# #.#.# ##.# #.#
#.... #..# #.# ###.#
##@# #.# #.# #..#
..# .# ...#. .##
##.# #. .. .. ..# .#
#.# ## ..


There were no monsters in sight!

Vanquished Creatures
  An adder (D:2)
  A dart slug (D:1)
  2 bats (D:1)
  3 giant cockroaches (D:1)
  A goblin (D:1)
  5 hobgoblins
  2 frilled lizards
  2 rats (D:1)
17 creatures vanquished.

Notes
Turn   | Place    | Note
-------+----------+-------------------------------------------
     0 | D:1      | Mamutox the Ogre Transmuter began the quest for the Orb.
     0 | D:1      | Reached XP level 1. HP: 19/19 MP: 3/3
    34 | D:1      | Upgraded the game from 0.22-a0-772-gac08f70 to 0.22-a0-776-ge6d7efa
   325 | D:1      | Reached XP level 2. HP: 28/28 MP: 5/5
   728 | D:2      | Reached XP level 3. HP: 3/37 MP: 4/6
   730 | D:2      | HP: 1/37 [poisoned by an adder]
   732 | D:2      | Succumbed to an adder's poison

Vault maps used:
D:1:      ncdulo_lavacross
D:2:      lemuel_upstairs_altar, kennysheep_doodads

Skill      XL: |  1  2 |
---------------+-------+-----
Fighting       | 2 3 |  3.0
Unarmed Combat | 3 |  3.3
Dodging        | |  1.7
Spellcasting   | |  2.4
Transmutations | |  1.7

Action                   || total
-------------------------++-------
Melee: Unarmed           ||    82
       Punch             ||     1
       Kick              ||     2
 Cast: Beastly Appendage ||     1
  Use: Scroll            ||     1
       Potion            ||     1
Armor: Robe              ||    31
Dodge: Dodged            ||    53

Table legend:
 A = Spawn XP
 B = Non-spawn XP
 C = Spawn XP percentage of total XP
 D = Spawn monster count
 E = Non-spawn monster count
 F = Spawn count percentage of total count
 G = Total turns spent on level
                    A         B        C        D         E        F      G
               +---------+---------+-------+---------+---------+-------+---------
         Total |       0 |      42 |   0.0 |       0 |      17 |   0.0 |   732
               +---------+---------+-------+---------+---------+-------+---------
           D:1 |       0 |      26 |   0.0 |       0 |      14 |   0.0 |   684
           D:2 |       0 |      16 |   0.0 |       0 |       3 |   0.0 |    48
               +---------+---------+-------+---------+---------+-------+---------
